 Dungeon Crawl Stone Soup version 0.30-a0-782-ge64f9170bb (webtiles) character file.

Game seed: 4890566095944986267

20 Querens the Ducker (level 3, 0/25 HPs)
             Began as a Djinni Hedge Wizard on Feb 26, 2023.
             Slain by a hobgoblin (3 damage)
             ... on level 1 of the Dungeon.
             The game lasted 00:02:14 (380 turns).

Querens the Ducker (Djinni Hedge Wizard)             Turns: 380, Time: 00:02:14

Health: 0/25       AC:  2    Str:  5 (7)  XL:     3   Next: 0%
Gold:   52         EV: 12    Int: 18 (20) God:
                   SH:  5    Dex: 13 (15)

rFire   + + .      SeeInvis .    a - +0 dagger
rCold   x . .      Faith    .    (no shield)
rNeg    . . .      Spirit   .    b - +0 robe
rPois   ∞          Reflect  +    c - +0 hat
rElec   .          Harm     .    (no cloak)
rCorr   .          Rampage  .    (no gloves)
Will    .....                    (boots unavailable)
Stlth   ++                       g - amulet of reflection
HPRegen 0.24/turn                (no ring)
MPRegen 0.00/turn                (no ring)

@: flying
A: sickness immunity, fire resistance 2, cold vulnerability 1, float, innate
caster, HP casting, extra vitality 1, agile 1, clever 1, deterioration 1
a: no special abilities


You were on level 1 of the Dungeon.
You visited 1 branch of the dungeon, and saw 1 of its levels.

You collected 52 gold pieces.

Inventory:

Hand Weapons
 a - a +0 dagger (weapon)
Armour
 b - a +0 robe (worn)
 c - a +0 hat (worn)
Jewellery
 g - an amulet of reflection (around neck)
Scrolls
 d - a scroll of identify {unknown}
 i - a scroll of magic mapping {unknown}
Potions
 f - a potion of degeneration
 h - a potion of might {unknown}


   Skills:
 + Level 0.0 Fighting
 - Level 2.7 Dodging
 - Level 2.1 Stealth
 + Level 2.6 Spellcasting


You couldn't memorise any spells.
You knew the following spells:

 Your Spells              Type           Power      Damage    Failure   Level
a - Magic Dart            Conj           48%        1d5       5%          1
b - Slow                  Hex            48%        N/A       5%          1
c - Blink                 Tloc           24%        N/A       9%          2
d - Call Imp              Summ           12%        N/A       9%          2
e - Mephitic Cloud        Conj/Pois/Air  12%        N/A       17%         3
f - Kiss of Death         Conj/Necr      48%        2d9       5%          1
Your spell library was empty.

Dungeon Overview and Level Annotations

Branches:
Dungeon (1/15)

Altars:


Innate Abilities, Weirdness & Mutations

You are immune to sickness and miasma.
You are immune to poison.
Your flesh is very heat resistant. (rF++)
You are vulnerable to cold. (rC-)
You float through the air rather than walking.
You learn spells naturally, not from books.
Your magical power is your life essence.
You have superior vitality. (+4 MHP)
You are agile. (Dex +4, Str/Int -1)
Your mind is acute. (Int +4, Str/Dex -1)
Your body sometimes deteriorates upon taking damage.


Message History

The quokka bites you.
Your magical contamination has completely faded away.
Casting: Mephitic Cloud (extremely dangerous; 19% risk of failure)
Confirm with . or Enter, or press ? or * to list all spells.
Aiming: Magic Dart (safe; 6% risk of failure)
Press: ? - help, Shift-Dir - straight line, f/p - quokka
Aim: a quokka (confused, 100% to hit)
The magic dart hits the quokka.
The quokka is lightly wounded.
The hobgoblin hits you.
* * * LOW HITPOINT WARNING * * *
Unknown command.
Casting: Magic Dart (safe; 6% risk of failure)
Confirm with . or Enter, or press ? or * to list all spells.
Aiming: Magic Dart (safe; 6% risk of failure)
Press: ? - help, Shift-Dir - straight line, f - hobgoblin, p - quokka
Aim: a hobgoblin (100% to hit)
The magic dart hits the hobgoblin but does no damage.
* * * LOW HITPOINT WARNING * * *
The hobgoblin hits you.
* * * LOW HITPOINT WARNING * * *
Unknown command.
Casting: Magic Dart (safe; 6% risk of failure)
Confirm with . or Enter, or press ? or * to list all spells.
Aiming: Magic Dart (safe; 6% risk of failure)
Press: ? - help, Shift-Dir - straight line, f/p - hobgoblin
Aim: a hobgoblin (100% to hit)
The magic dart hits the hobgoblin.
The hobgoblin is lightly wounded.
* * * LOW HITPOINT WARNING * * *
The hobgoblin hits you but does no damage.
Unknown command.
It was a potion of degeneration.
There was something very wrong with that liquid.
You feel weakened.
You feel dopey.
You feel clumsy. The hobgoblin barely misses you.
It was a potion of mutation.
You feel extremely strange.
You feel agile.
You feel yourself wasting away.
You feel clever. The hobgoblin hits you.
You die...

#. # ##. ##.## . ..
... # #.#. #.# .##
#.#.###.######### ...
................###.##
#..r....#####.......
#.......# ##.....#
#..@....# #...### #
#..g....# #.#....
#..#.#..###### #.#####
#.......# #.#
#....#.## #####†#
#....#.# #.....# #...
#.# #.....##### #..
#.# #...#.....# ....
#.# #...#####.#


You could see a quokka (confused) and a hobgoblin.

Vanquished Creatures
  2 dart slugs (D:1)
  2 ball pythons (D:1)
  2 endoplasms (D:1)
  2 giant cockroaches (D:1)
  2 goblins (D:1)
  A quokka (D:1)
  3 frilled lizards (D:1)
  A rat (D:1)
15 creatures vanquished.

Notes
Turn   | Place    | Note
-------+----------+-------------------------------------------
     0 | D:1      | Querens the Djinni Hedge Wizard began the quest for the
                  | Orb.
     0 | D:1      | Querens set off with the following spells memorised: Magic
                  | Dart, Slow, Blink, Call Imp, Mephitic Cloud.
     0 | D:1      | Reached XP level 1. HP: 15/15 MP: 0/0
    76 | D:1      | Reached XP level 2. HP: 8/21 MP: 0/0
   345 | D:1      | Reached XP level 3. HP: 22/25 MP: 0/0
   345 | D:1      | Learned a level 1 spell: Kiss of Death
   380 | D:1      | Gained mutation: You are agile. (Dex +4, Str/Int -1)
                  | [potion of mutation]
   380 | D:1      | Gained mutation: Your body sometimes deteriorates upon
                  | taking damage. [potion of mutation]
   380 | D:1      | Gained mutation: Your mind is acute. (Int +4, Str/Dex -1)
                  | [potion of mutation]
   380 | D:1      | Slain by a hobgoblin

Illustrated notes

Levels and vault maps discovered:
D:1:      dpeg_arrival_ratfight, layout_basic,
          hellmonk_ecumenical_altar_blasted, minmay_splitting_lines

Skill      XL: |  1  2 |
---------------+-------+-----
Stealth        | 2 |  2.1
Dodging        | |  2.7
Spellcasting   | |  2.6

Action                     || total
---------------------------++-------
  Melee: Dagger            ||    31
   Cast: Magic Dart        ||    37
         Mephitic Cloud    ||     2
    Use: Potion            ||     2
   Stab: Sleeping          ||     1
 Armour: Robe              ||    11
  Dodge: Dodged            ||    25
  Block: Other             ||     6

Table legend: (Time is in decaauts)
 A = Elapsed time spent in this place.
 B = Non-inter-level travel time spent in this place.
 C = Inter-level travel time spent in this place.
 D = Time resting spent in this place.
 E = Time spent auto-exploring this place.
 F = Levels seen in this place.
 G = Mean time per level.
                   A        B        C        D        E       F      G
               +--------+--------+--------+--------+--------+-----+--------+
         Total |    380 |    380 |      0 |      0 |      0 |   1 |  380.0 |
       Dungeon |    380 |    380 |      0 |      0 |      0 |   1 |  380.0 |
               +--------+--------+--------+--------+--------+-----+--------+

Top non-repeatable levels by time:
     D:1: 380 daAuts
